cohdb
Replays
Latest Replays
All Replays
Popular Replays
Top Player Replays
Match Explorer
How It Works
Community
CoH3 Stats
Reddit
Sign in to upload your games and track your stats! →
Sign in with Steam
Match 22715841
Unlisted
Match 22715841
Overview
Messages
Build Orders
End
Construct Section Command Post
Infantry Section
Dingo Light Scout Car
Infantry Section
Vickers Machine Gun Team
Grenade Package
Construct Platoon Command Post
Selects Air and Sea Battlegroup
Selects Commando Section Paradrop
Commando Section Paradrop
Infantry Training
Commando Section Paradrop
Selects M1 Pack Howitzer Paradrop
Construct Company Command Post
M1 Pack Howitzer Paradrop
Selects Supply Surplus
Matilda II Heavy Tank
CMP 15cwt Truck
Selects Centaur Medium Tank
Foot Guards Section
Matilda II Heavy Tank
Selects Naval Bombardment
Naval Bombardment
Matilda II Heavy Tank
Jonatanga
Eber
narcissist company
PAUG.S®
Geheimsache
轮椅英国佬
Uni
R19
0
0
Comments
sign in to comment!
No comments posted yet!